Map: Habitation Station LE (Void)

Players

ByuL - Winner!

  • Race: Zerg Zerg
  • Spawn Location: 11:00

JJAKJI

  • Race: Terran Terran
  • Spawn Location: 1:00

Event: IEM Season 11 - Gyeonggi

VOD

Have the link to the VOD?

Description

Time

  • Played on: Dec. 14, 2016, 4:16 a.m.
  • Length: 13:22

All games in this series

Show
View Real Time Build Order
Export as new Build Order

ByuL Zerg - Winner!

Build Orders: Pool First, Zergling Baneling 

Get SALT Encoding   

  12  0:00  Drone  
  13  0:08  Drone  
  14  0:17  Overlord  
  14  0:22  Extractor  
  14  0:23  Drone  
  15  0:36  Drone x2  
  17  0:44  Drone, Extractor  
  17  0:51  Spawning Pool  
  17  0:55  Drone  
  17  1:14  Hatchery  
  17  1:18  Drone  
  17  1:21  Drone  
  18  1:27  Drone  
  19  1:37  Queen  
  21  1:40  Zergling x2  
  22  1:47  Metabolic Boost  
  22  1:53  Overlord  
  22  2:13  Queen  
  22  2:15  Drone, Zergling x2  
  25  2:21  Zergling x2  
  27  2:26  Baneling Nest  
  27  2:28  Zergling x2  
  27  2:32  Zergling x2  
  28  2:37  Zergling x2  
  28  2:44  Zergling x2  
  28  2:48  Zergling x8  
  33  2:57  Zergling x2  
  34  3:01  Overlord  
  34  3:13  Overlord  
  34  3:19  Baneling  
  34  3:20  Baneling x7  
  34  3:22  Zergling x2  
  34  3:23  Zergling x2  
  34  3:25  Zergling x2  
  37  3:29  Baneling  
  37  3:31  Zergling x4  
  39  3:39  Zergling x4  
  39  3:41  Baneling  
  41  3:47  Zergling x4  
  41  3:48  Zergling x2  
  40  3:52  Zergling x2  
  35  3:57  Drone  
  35  4:00  Baneling  
  35  4:01  Drone  
  36  4:03  Drone  
  36  4:07  Drone  
  38  4:11  Zergling x2  
  37  4:23  Zergling x4  
  35  4:29  Drone  
  35  4:31  Drone  
  34  4:40  Drone  
  34  4:45  Drone, Queen  
  38  4:50  Drone  
  39  4:55  Drone  
  40  5:04  Drone x7  
  47  5:10  Evolution Chamber  
  46  5:15  Hatchery  
  46  5:17  Drone  
  46  5:18  Drone  
  47  5:26  Overlord  
  47  5:29  Drone  
  47  5:34  Drone x3  
  51  5:36  Overlord  
  51  5:38  Overlord  
  51  5:42  Zerg Ground Armor Level 1  
  51  5:47  Lair  
  51  5:51  Drone x2, Extractor  
  51  5:52  Extractor  
  51  5:56  Queen  
  53  6:00  Drone x2  
  53  6:01  Drone  
  53  6:03  Zergling x2  
  57  6:05  Zergling x2  
  57  6:08  Zergling x4  
  57  6:09  Zergling x2  
  61  6:14  Drone  
  61  6:16  Spore Crawler  
  61  6:18  Zergling x4  
  61  6:22  Zergling x2  
  64  6:29  Queen  
  64  6:31  Drone x4  
  70  6:33  Baneling  
  70  6:34  Baneling  
  70  6:35  Baneling x2  
  70  6:36  Zergling x6  
  74  6:40  Drone  
  74  6:41  Drone  
  74  6:43  Drone x2  
  77  6:49  Drone x2  
  77  6:51  Overlord  
  79  6:57  Overlord  
  79  7:01  Extractor  
  79  7:03  Evolution Chamber  
  79  7:05  Overlord  
  79  7:07  Overseer  
  77  7:11  Drone x4  
  77  7:13  Overlord  
  81  7:17  Baneling  
  81  7:18  Baneling x2, Zergling x2  
  81  7:19  Zergling x10  
  86  7:24  Queen  
  86  7:26  Baneling x4  
  88  7:31  Zergling x2  
  88  7:32  Zergling x6  
  88  7:33  Baneling  
  88  7:34  Zergling x6  
  95  7:40  Baneling  
  95  7:41  Baneling x3  
  95  7:42  Zergling x4  
  91  7:45  Zergling x4  
  91  7:47  Zergling x2  
  81  7:52  Zergling x2  
  81  7:57  Zergling x2  
  81  7:58  Zergling x10  
  81  8:01  Zergling x8  
  76  8:07  Zergling x2  
  77  8:12  Baneling  
  77  8:13  Baneling x2  
  77  8:14  Zerg Ground Armor Level 2  
  77  8:15  Zerg Melee Weapons Level 1, Centrifical Hooks  
  77  8:17  Drone  
  77  8:18  Drone  
  79  8:20  Baneling  
  79  8:21  Baneling  
  79  8:22  Baneling  
  79  8:24  Zergling x6  
  82  8:31  Zergling x2  
  82  8:32  Zergling x8  
  79  8:36  Zergling x2  
  79  8:39  Zergling x2  
  81  8:47  Zergling x2  
  81  8:48  Zergling x6  
  85  8:50  Zergling x2  
  85  8:51  Baneling x3  
  85  8:52  Baneling  
  85  8:53  Zergling x2  
  85  8:54  Hatchery  
  85  8:57  Zergling x2  
  85  9:01  Zergling x2  
  87  9:06  Baneling x2  
  87  9:10  Zergling x4  
  87  9:14  Zergling x2  
  84  9:18  Zergling x6  
  84  9:19  Zergling x4  
  84  9:22  Zergling x2  
  90  9:28  Spire, Zergling x8  
  93  9:36  Extractor  
  93  9:37  Extractor  
  91  9:43  Zergling x2  
  91  9:44  Baneling x2, Zergling x12  
  91  9:45  Baneling x4  
  98  9:53  Overlord x2  
  98  9:58  Baneling x2  
  97  10:15  Drone x6  
  97  10:19  Queen  
  97  10:21  Drone x2  
  102  10:24  Zerg Melee Weapons Level 2  
  101  10:29  Baneling  
  101  10:30  Drone  
  101  10:32  Overlord  
  102  10:39  Baneling  
  102  10:40  Mutalisk, Overlord, Overseer  
  102  10:41  Mutalisk x8  
  120  10:47  Spore Crawler  
  117  10:52  Mutalisk x3  
  117  10:54  Zergling x2  
  117  10:55  Zergling x8  
  128  10:59  Zergling x8  
  128  11:01  Drone x2  
  131  11:11  Drone x3  
  131  11:13  Drone x2  
  131  11:17  Overlord x2  
  131  11:18  Overseer  
  135  11:19  Zerg Flyer Weapons Level 1  
  135  11:21  Baneling x2  
  134  11:29  Overlord  
  134  11:30  Drone  
  135  11:34  Pneumatized Carapace  
  135  11:36  Baneling  
  135  11:37  Baneling x11  
  135  11:46  Drone  
  135  11:47  Drone x2  
  136  11:50  Mutalisk x2  
  136  11:51  Mutalisk  
  140  12:00  Zergling x4  
  140  12:01  Zergling x18  
  151  12:07  Overlord  
  151  12:08  Overlord  
  151  12:10  Overlord  
  151  12:16  Baneling x5  
  151  12:17  Baneling x5  
  151  12:18  Overlord  
  151  12:27  Drone x2  
  151  12:28  Drone x2, Mutalisk x2  
  159  12:33  Baneling  
  159  12:34  Baneling x7, Hatchery  
  154  12:41  Zergling x2  
  154  12:42  Zergling x14  
  161  12:48  Zergling x10  
  153  12:54  Mutalisk x3  
  153  12:58  Zergling x8  
  145  13:02  Overseer  
  145  13:04  Zergling x4  
  145  13:05  Zergling x4  
Show
View Real Time Build Order
Export as new Build Order

JJAKJI Terran 

Build Orders: Reaper Expand, MMM Bio 

Get SALT Encoding   

  12  0:00  SCV  
  13  0:12  SCV  
  14  0:17  Supply Depot  
  14  0:24  SCV  
  15  0:38  SCV  
  15  0:39  Barracks  
  16  0:44  Refinery  
  16  0:50  SCV  
  17  1:02  SCV  
  18  1:15  SCV  
  19  1:27  Orbital Command, Reaper  
  20  1:38  Command Center  
  20  1:50  Barracks  
  20  1:53  SCV  
  21  2:00  Barracks Reactor  
  21  2:05  SCV  
  22  2:09  Supply Depot  
  22  2:17  SCV  
  22  2:19  Refinery  
  23  2:30  SCV  
  23  2:32  Factory  
  23  2:36  Marine x2  
  26  2:38  Barracks Tech Lab  
  26  2:42  SCV  
  27  2:54  Marine x2, SCV  
  27  2:58  Marine  
  30  2:59  Stimpack  
  31  3:06  SCV, Orbital Command  
  32  3:13  Marine x2  
  32  3:16  Marine  
  35  3:20  SCV  
  36  3:27  Starport  
  36  3:28  Factory Reactor  
  35  3:35  Bunker  
  35  3:36  Bunker  
  35  3:39  Bunker  
  32  3:55  Marine  
  30  3:56  Supply Depot  
  30  3:57  Supply Depot  
  30  3:59  Supply Depot  
  30  4:01  Marine  
  30  4:04  SCV  
  30  4:09  Hellion  
  30  4:10  Orbital Command  
  30  4:14  Supply Depot  
  30  4:16  Marine  
  30  4:22  Marine  
  26  4:26  Orbital Command  
  26  4:34  Marine  
  27  4:39  Marine  
  27  4:41  Hellion  
  30  4:47  Bunker  
  30  4:52  Marine  
  31  4:55  SCV x2  
  31  4:57  Marine  
  34  5:07  SCV x2  
  34  5:09  Marine, Combat Shields  
  37  5:17  Factory Reactor, Starport  
  37  5:23  SCV  
  37  5:26  SCV  
  37  5:27  Marine  
  40  5:38  Barracks Reactor  
  40  5:40  Orbital Command  
  40  5:42  SCV  
  42  5:45  Marine  
  42  5:51  Barracks  
  42  5:54  SCV  
  42  5:55  Hellion x2, Supply Depot  
  42  5:56  Medivac  
  49  6:06  SCV x2  
  49  6:08  Supply Depot  
  51  6:11  Marine  
  51  6:18  SCV x2  
  54  6:19  Hellion  
  54  6:20  Hellion  
  58  6:27  Armory  
  58  6:29  Marine  
  58  6:32  SCV x2  
  61  6:35  Medivac  
  63  6:41  Hellion  
  63  6:45  Hellion  
  67  6:51  Supply Depot  
  67  6:53  Supply Depot  
  67  6:57  Marine x3  
  70  7:13  Hellion x2, Medivac  
  70  7:15  Marine x3  
  77  7:17  Marine  
  80  7:26  Supply Depot  
  80  7:33  Marine x3  
  80  7:35  Marine  
  78  7:42  Hellion x2  
  79  7:46  Medivac  
  79  7:51  Marine x2  
  64  8:04  Hellion x2  
  61  8:07  Marine x2  
  61  8:09  SCV  
  55  8:16  Marine, Medivac  
  55  8:17  Marine  
  59  8:26  SCV x2  
  51  8:35  Marine x2  
  51  8:36  Marine  
  51  8:38  SCV x2  
  55  8:45  Factory Reactor  
  55  8:49  Supply Depot  
  55  8:50  Marine  
  55  8:51  SCV x2  
  55  8:53  Marine x2  
  55  8:54  Marine  
  61  9:05  SCV x2  
  61  9:07  Marine, Liberator  
  61  9:08  Liberator  
  70  9:14  Barracks Reactor, Marine x2  
  70  9:19  SCV x2  
  72  9:30  Command Center, Engineering Bay  
  72  9:33  Engineering Bay  
  72  9:37  SCV x2  
  74  9:41  Refinery  
  74  9:43  Marine x3  
  77  9:55  Refinery, SCV  
  77  9:57  Terran Infantry Weapons Level 1  
  77  9:58  Terran Infantry Armor Level 1  
  77  9:59  Marine x2  
  80  10:01  Marine x3  
  80  10:03  Widow Mine  
  85  10:17  Marine x2  
  85  10:19  Marine x2, Barracks  
  85  10:20  Barracks  
  86  10:23  SCV x2  
  86  10:27  Marine  
  85  10:32  Medivac  
  85  10:33  Medivac, Widow Mine  
  85  10:34  Widow Mine  
  93  10:41  Orbital Command  
  93  10:45  SCV x2  
  94  10:51  Marine x4  
  94  10:56  Marine  
  99  11:06  Orbital Command  
  99  11:09  Marine x4  
  99  11:10  Barracks Reactor x2  
  103  11:16  Missile Turret  
  97  11:20  Marine, Widow Mine  
  97  11:21  Widow Mine, Missile Turret  
  102  11:25  Medivac x2  
  102  11:26  Marine  
  102  11:27  Marine x3  
  110  11:36  Supply Depot  
  110  11:38  Marine  
  111  11:40  Supply Depot  
  111  11:44  Marine x2  
  111  11:45  Marine x2  
  114  11:49  Marine  
  114  11:50  Marine x3  
  111  11:55  Marine  
  110  12:02  Marine  
  109  12:09  Marine  
  109  12:10  Marine x6  
  109  12:13  Marine  
  109  12:14  Missile Turret  
  117  12:27  Marine x5  
  117  12:28  SCV x2  
  117  12:29  SCV  
  123  12:36  Widow Mine x2  
  127  12:38  Medivac x2  
  131  12:45  Marine  
  131  12:46  Marine x7  
  131  12:48  Marine  
  80  13:03  Marine x4  
  80  13:04  Marine x3  

Tags
 
Add a new tag
Caveats
  • Supply blocks, unpowered buildings, or Contaminate may cause inaccurate times.
  • Supply counts are checked every 10 seconds.